cohdb
Replays
Latest Replays
All Replays
Popular Replays
Top Player Replays
Match Explorer
How It Works
Community
CoH3 Stats
Reddit
Sign in to upload your games and track your stats! →
Sign in with Steam
Match 41876776
Unlisted
Match 41876776
Overview
Messages
Build Orders
End
Selects Panzerjäger Kommand Battlegroup
Selects Panzerjäger Kommand Battlegroup
Kradschützen Motorcycle Team
Panzergrenadier Squad
Selects Mine Fields
Panzergrenadier Squad
Panzergrenadier Squad
Construct Light Support Kompanie
Fire Support Elements
MG34 Team
Flakvierling Half-track
Selects Defensive Positions
Selects Butterfly Bomb Drop
2.5-tonne Medical Truck
Butterfly Bomb Drop
Assault Mechanized Group
Construct Panzerarmee Kommand
Panzer III L Medium Tank
Selects Tank Busters
Panzer III L Medium Tank
Rapid Advance
Selects Crew Shock Tactics
Butterfly Bomb Drop
Panzer III L Medium Tank
Tungsten Core Ammunition
Vehicle Survival Package
Butterfly Bomb Drop
Selects Anti-tank Overwatch
Advanced Field Repairs
Walking Stuka Rocket Launcher
BIOHAZARD
The Major General
0
0
Comments
sign in to comment!
No comments posted yet!